AoeStats
← MeowMe

Arena

508858889Analyzed
3v3 RM · 6d ago on Sep 24, 2026· 43m 43s· 6 players
Game mode
Random Map
Map size
Normal (6 player)
Population
200
Speed
Normal
Resources
Standard
Victory
Conquest
Starting age
Dark Age
Ending age
Imperial Age
RankedLock teamsTeams togetherTeam positionsShared explorationLock speedFull tech treeHidden civsTurbo modeCheats
Victory
Defeat
🇷🇺 Saxons · Russia
1646
+11
🇧🇾 Varangians · Belarus
1592
+13
🇬🇪 Portuguese · Georgia
1488
+18
🇦🇷 Lithuanians · Argentina
1633
-17
🇵🇰 Saxons · Pakistan
1625
-18
🇩🇪 Wei · Germany
1347
-7
Musti-1997
9:50 Feudal Age
10:17 Double-Bit Axe
10:13 Horse Collar
10:26 Gold Mining
10:27 Stone Mining
13:10 Wheelbarrow
18:02 Castle Age
18:03 Scale Barding Armor
18:32 Bloodlines
19:33 Chain Barding Armor
20:04 Bow Saw
21:01 Heavy Plow
25:23 Husbandry
26:34 Hand Cart
28:28 Gold Shaft Mining
28:07 Loom
29:04 Stone Shaft Mining
32:59 Imperial Age
30:52 Forging
32:21 Iron Casting
34:05 Ming Guang Armor
33:04 Light Cavalry
33:06 Heavy Hei Guang Cavalry
MiE_Windshield Viper
10:38 Feudal Age
12:30 Double-Bit Axe
14:59 Castle Age
12:47 Horse Collar
15:05 Light Cavalry
16:05 Bow Saw
19:41 Loom
21:21 Wheelbarrow
22:44 Hand Cart
23:16 Hand Cart
27:45 Imperial Age
26:16 Bloodlines
27:58 Heavy Plow
27:49 Cavalier
29:38 Chemistry
28:01 Cavalier
30:11 Scale Barding Armor
30:24 Husbandry
31:02 Forging
32:18 Chain Barding Armor
33:33 Iron Casting
33:20 Gold Mining
34:42 Plate Barding Armor
34:46 Paladin
Decade
6:43 Loom
8:55 Feudal Age
9:45 Double-Bit Axe
10:50 Fletching
13:43 Horse Collar
22:49 Castle Age
29:01 Scale Mail Armor
32:17 Chain Mail Armor
OLADUSHEK
10:53 Feudal Age
12:07 Double-Bit Axe
14:25 Castle Age
13:03 Bloodlines
13:11 Horse Collar
15:22 Scale Barding Armor
17:23 Wheelbarrow
20:06 Bow Saw
21:07 Gold Mining
21:48 Forging
22:34 Loom
23:46 Husbandry
24:45 Heavy Plow
26:18 Chain Barding Armor
27:24 Hand Cart
29:28 Town Watch
32:43 Imperial Age
32:11 Iron Casting
31:36 Vendel Legacy
33:07 Cavalier
34:41 Plate Barding Armor
35:49 Blast Furnace
35:52 Conscription
35:44 Devotion
36:04 Stone Mining
43:31 Fletching
SiraZaika
10:19 Feudal Age
9:31 Loom
11:31 Feudal Age
15:17 Castle Age
13:47 Fletching
18:23 Bodkin Arrow
30:48 Imperial Age
28:51 Horse Collar
29:10 Double-Bit Axe
31:34 Bracer
32:55 Conscription
34:03 Scale Mail Armor
34:14 Forging
34:22 Pikeman
35:04 Squires
37:14 Chain Mail Armor
38:37 Wheelbarrow
39:40 Hand Cart
40:10 Fortified Wall
40:40 Bow Saw
40:32 Heavy Plow
42:00 Plate Mail Armor
42:07 Halberdier
MeowMe
11:40 Feudal Age
16:13 Castle Age
14:48 Double-Bit Axe
14:44 Horse Collar
15:09 Stone Mining
15:11 Gold Mining
18:50 Loom
18:53 Town Watch
19:38 Circumnavigation
21:34 Bow Saw
26:18 Wheelbarrow
25:43 Town Patrol
27:07 Town Patrol
30:22 Imperial Age
28:45 Treadmill Crane
29:16 Fortified Wall
32:15 Chemistry
33:22 Hand Cart
35:13 Scale Mail Armor
35:24 Forging
35:38 Conscription
34:45 Pikeman
35:11 Arson
35:11 Gambesons
36:42 Chain Mail Armor
36:17 Fletching
38:00 Coinage
37:32 Caravan
38:01 Halberdier
40:26 Plate Mail Armor
40:31 Iron Casting
40:19 Heavy Plow
42:33 Iron Casting
Connection lost

Rejoining the realm…

Still unreachable

The connection could not be restored.

Session expired

The server has moved on; the page needs a fresh start.